 Dungeon Crawl Stone Soup version 0.29.1-15-g9cfb28693d (webtiles) character file.

Game seed: 8588876386113246149

2 leafyfresh the Sneak (level 1, -3/16 HPs)
             Began as an Octopode Delver on Feb 24, 2023.
             Killed from afar by an orc wizard (9 damage)
             ... with a magic dart
             ... on level 4 of the Dungeon.
             The game lasted 00:00:25 (109 turns).

leafyfresh the Sneak (Octopode Delver)               Turns: 109, Time: 00:00:25

Health: -3/16      AC:  1    Str: 11    XL:     1   Next: 30%
Magic:  1/1        EV: 13    Int: 12    God:
Gold:   6          SH:  0    Dex: 13    Spells: 0/0 levels left

rFire   . . .      SeeInvis .   a - +0 short sword
rCold   . . .      Faith    .   (no shield)
rNeg    . . .      Spirit   .   (helmet restricted)
rPois   .          Reflect  .   (no amulet)
rElec   .          Harm     .   (no ring)
rCorr   .          Rampage  .   (no ring)
Will    .....                   (no ring)
Stlth   ++++......              (no ring)
HPRegen 0.05/turn               (no ring)
MPRegen 0.07/turn               (no ring)
                                (no ring)
                                (no ring)

@: no status effects
A: almost no armour, amphibious, 8 rings, camouflage 1, gelatinous body 1,
(nimble swimmer 1), tentacles
a: no special abilities


You were on level 4 of the Dungeon.
You visited 1 branch of the dungeon, and saw 2 of its levels.

You collected 6 gold pieces.

Inventory:

Hand Weapons
 a - a +0 short sword (weapon)
Wands
 f - a wand of digging (3)
Scrolls
 b - a scroll of fog
 c - a scroll of magic mapping
 d - a scroll of fear
 h - a scroll of identify {unknown}
Potions
 e - a potion of haste
 g - a potion of heal wounds {unknown}


   Skills:
 - Level 3.0 Fighting
 - Level 2.0 Short Blades
 - Level 2.0 Dodging
 + Level 6.7 Stealth


You couldn't memorise any spells.
You didn't know any spells.
Your spell library was empty.

Dungeon Overview and Level Annotations

Branches:
Dungeon (5/15)
 Temple: D:4-7

Altars:


Innate Abilities, Weirdness & Mutations

You cannot wear most types of armour.
You are amphibious.
You can wear up to eight rings at the same time.
Your skin changes colour to match your surroundings (Stealth+).
Your rubbery body absorbs attacks. (AC +1, EV +1)
((You are camouflaged when in or above water. (Stealth+)))
You have tentacles for arms and can constrict up to eight enemies at once.


Message History

The helpless orc fails to defend itself.
You puncture the orc!
You kill the orc! 2 orcs come into view.
The orc shouts!
An orc wizard comes into view. It is wielding a +0 dagger.
An orc comes into view. It is wielding a +0 trident.
The orc moves out of view.
There are monsters nearby!
There are monsters nearby!
The orc shouts!
There is an open door here.
You close the door.
An orc opens the door.
The orc wizard casts a spell.
The orc wizard flickers and vanishes!
Deactivating autopickup; reactivate with Ctrl-A.
You open the door. The orc attacks as you move away!
The orc closely misses you.
There is an open door here.
The orc closely misses you.
You open the door. The orc barely misses you.
There is an open door here.
The orc attacks as you move away! The orc barely misses you.
The orc attacks as you move away! The orc closely misses you.
An endoplasm comes into view.
The orc hits you with a +0 hand axe.
You open the door. The orc barely misses you. The orc attacks as you move away!
The orc barely misses you.
There is an open door here.
The orc attacks as you move away! The orc misses you.
You open the door. The orc attacks as you move away!
The orc closely misses you. Something hits you.
Found a glaive.
There is an open door here.
Found a scroll labelled HIPLOO KATIHU.
Unknown command.
A magic dart appears from out of thin air!
The magic dart hits you!
Ouch! That really hurt!
You die...

.+ .. .####.?
............+
............#
........J...#
#####............#
#...............##.#
#....#####......#...
#..@.{o..#......#...
#....#...#......#...
..)....#...'......#...
.........##..#......#...
.....#########......#..#
#.... ####'###..# #...
#.....#...> #...
#.....#.... #.....'....


You could see an orc.

Vanquished Creatures
  An orc (D:4)
1 creature vanquished.

Notes
Turn   | Place    | Note
-------+----------+-------------------------------------------
     0 | D:5      | leafyfresh the Octopode Delver began the quest for the Orb.
     0 | D:5      | Reached XP level 1. HP: 16/16 MP: 1/1
    26 | D:5      | Noticed a black bear
    28 | D:5      | Noticed a necrophage
    65 | D:4      | Noticed an orc wizard
   109 | D:4      | Killed from afar by an orc wizard

Illustrated notes

Levels and vault maps discovered:
D:4:      layout_gridville, nicolae_qazlal_style_of_elements,
          mainiacjoe_overflow_surrounded_room, roderic_batcave,
          minmay_misc_feat_tower, minivault_14
D:5:      layout_gridville, okawaru_altar_gauntlet_db,
          mainiacjoe_overflow_small_starburst, grunt_ministairs_2

Action                   || total
-------------------------++-------
Melee: Short sword       ||     1
 Stab: Sleeping          ||     1
Dodge: Dodged            ||     9
